 Dungeon Crawl Stone Soup version 0.25.1-2-g60ff931df9 (webtiles) character file.

Game seed: 14627729988289276979

274201 GameOver the Spear-Bearer (level 20, -11/187 HPs)
             Began as a Naga Wizard on Sept 7, 2020.
             Was an Elder of Kikubaaqudgha.
             Hit by a large rock thrown by a stone giant (32 damage)
             ... on level 3 of the Vaults on Sept 12, 2020.
             The game lasted 06:36:19 (36586 turns).

GameOver the Spear-Bearer (Naga Wizard)            Turns: 36586, Time: 06:36:20

Health: -11/187    AC: 39    Str: 20    XL:     20   Next: 31%
Magic:  34/46      EV:  9    Int: 24    God:    Kikubaaqudgha [****..]
Gold:   1415       SH: 13    Dex: 12    Spells: 12/45 levels left

rFire    + . .     SeeInvis +   w - +8 demon trident (vamp)
rCold    . . .     Gourm    .   R - +2 kite shield
rNeg     . . .     Faith    .   I - +6 acid dragon scales
rPois    +         Spirit   .   K - +3 helmet of the Circus Animal {MP+9}
rElec    .         Reflect  .   s - scarf {repulsion}
rCorr    +         Harm     .   J - +2 pair of gloves {Str+3}
MR       ++...                  a - +0 naga barding "Couqamueqo" {rF+ Str+4}
Stlth    +++++.....             b - amulet of regeneration
HPRegen  0.81/turn              L - ring "Uhamio" {rPois Str+2 Slay+4}
MPRegen  0.30/turn              o - ring of Robustness {AC+8}

@: death channel, repel missiles, very slow
A: large, see invisible, deformed body, poison resistance, slowness 2, slow
metabolism 1, spit poison 1, constrict 1, AC +6
}: 2/15 runes: barnacled, gossamer
a: Spit Poison, Receive Corpses, Renounce Religion


You were on level 3 of the Vaults.
You worshipped Kikubaaqudgha.
Kikubaaqudgha was greatly pleased with you.
You were hungry.

You visited 7 branches of the dungeon, and saw 35 of its levels.
You also visited: Sewer, Bailey and Ice Cave.

You collected 3394 gold pieces.
You spent 1979 gold pieces at shops.

Inventory:

Hand Weapons
 w - a +8 vampiric demon trident (weapon)
Armour
 a - the +0 naga barding "Couqamueqo" (worn) {rF+ Str+4}
   (Okawaru gifted it to you on level 5 of the Dungeon)

   It affects your strength (+4).
   It protects you from fire.
 s - a scarf of repulsion (worn)
 I - +6 acid dragon scales (worn)
 J - a +2 pair of gloves of strength (worn)
 K - the +3 helmet of the Circus Animal (worn) {MP+9}
   (You bought it in a shop on level 15 of the Dungeon)

   It affects your magic capacity (+9).
 R - a +2 kite shield (worn)
Magical Staves
 e - an uncursed staff of conjuration
Jewellery
 b - an amulet of regeneration (around neck)
 k - an uncursed amulet of guardian spirit
 m - an uncursed ring of protection from fire
 o - the ring of Robustness (right hand) {AC+8}
   (You took it off a vault guard on level 14 of the Dungeon)

   [ring of protection]

   It affects your AC (+8).
 L - the ring "Uhamio" (left hand) {rPois Str+2 Slay+4}
   (You found it on level 6 of the Lair of Beasts)

   [ring of slaying]

   It affects your strength (+2).
   It affects your accuracy and damage with ranged weapons and melee attacks
   (+4).
   It protects you from poison.
 M - an uncursed ring of protection from magic
 X - an uncursed ring of protection from cold
Wands
 c - a wand of digging (14)
 C - a wand of iceblast (7)
 N - a wand of clouds (5)
 U - a wand of acid (7)
 Y - a wand of disintegration (30)
Scrolls
 h - a scroll of immolation
 i - 16 scrolls of remove curse
 r - 7 scrolls of identify
 v - 7 scrolls of magic mapping
 x - 10 scrolls of teleportation
 A - 6 scrolls of fear
 G - 5 scrolls of fog
 P - 3 scrolls of summoning
 S - 2 scrolls of holy word
 V - 5 scrolls of blinking
Potions
 g - 4 potions of berserk rage
 j - 6 potions of stabbing
 l - 3 potions of might
 n - 9 potions of curing
 p - 6 potions of ambrosia
 t - 8 potions of brilliance
 u - 5 potions of haste
 B - 2 potions of invisibility
 D - 9 potions of flight
 F - 8 potions of heal wounds
Comestibles
 d - 69 rations
 f - 11 chunks of flesh


   Skills:
 - Level 13.0 Fighting
   Level 6.0 Short Blades
 - Level 14.0 Polearms
 + Level 8.5 Armour
 - Level 5.0 Dodging
 - Level 12.0 Stealth
 - Level 9.0 Shields
 - Level 13.0 Spellcasting
 - Level 10.0 Conjurations
   Level 1.0 Summonings
 + Level 13.4 Necromancy
 - Level 5.0 Translocations
 * Level 7.3 Transmutations
 - Level 5.0 Fire Magic
 * Level 13.4 Poison Magic
   Level 5.0 Invocations
 - Level 5.0 Evocations


You had 12 spell levels left.
You knew the following spells:

 Your Spells              Type           Power        Failure   Level  Hunger
a - Iskenderun's Mystic   Conj/Tloc      ######..     2%          4    None
b - Blink                 Tloc           N/A          1%          2    None
c - Olgreb's Toxic Radia  Pois           ######..     1%          4    None
d - Mephitic Cloud        Conj/Pois/Air  ######..     1%          3    None
f - Conjure Flame         Conj/Fire      ######..     1%          3    None
q - Animate Dead          Necr           N/A          1%          4    None
v - Dispel Undead         Necr           ######..     1%          4    None
C - Ignite Poison         Fire/Tmut/Pois ######..     1%          3    None
Q - Death Channel         Necr           ######....   3%          6    #####..

Your spell library contained the following spells:

 Spells                   Type           Power        Failure   Level  Hunger
 Animate Skeleton         Necr           N/A          1%          1    None
 Magic Dart               Conj           ####         1%          1    None
 Pain                     Necr           ####         1%          1    None
 Shock                    Conj/Air       ####         1%          1    None
 Sting                    Tmut/Pois      ####         1%          1    None
 Corpse Rot               Necr/Air       N/A          1%          2    None
 Passwall                 Tmut/Erth      ####....     1%          2    None
 Poisonous Vapours        Pois/Air       #####.       1%          2    None
 Searing Ray              Conj           ######       1%          2    None
 Sublimation of Blood     Necr           ######....   1%          2    None
 Dazzling Flash           Conj/Hex       #####.       1%          3    None
 Static Discharge         Conj/Air       #####...     1%          3    None
 Stone Arrow              Conj/Erth      #####.       1%          3    None
 Vampiric Draining        Necr           ######....   1%          3    None
 Shroud of Golubria       Chrm/Tloc      ####..       2%          2    None
 Corona                   Hex            ###....      4%          1    None
 Infusion                 Chrm           ###.         4%          1    None
 Sandblast                Erth           ###...       4%          1    None
 Call Imp                 Summ           ###.....     4%          2    None
 Inner Flame              Hex/Fire       ####....     4%          3    None
 Portal Projectile        Hex/Tloc       ####..       4%          3    None
 Recall                   Summ/Tloc      N/A          4%          3    None
 Fulminant Prism          Conj/Hex       #####.....   6%          4    None
 Slow                     Hex            ###.....     7%          2    None
 Song of Slaying          Chrm           ###.....     7%          2    None
 Swiftness                Chrm/Air       ###.....     7%          2    None
 Borgnjor's Vile Clutch   Necr/Erth      #####.....   9%          5    ###....
 Excruciating Wounds      Chrm/Necr      #####.....   9%          5    ###....
 Eringya's Noxious Bog    Tmut/Pois      ######....   10%         6    #####..
 Petrify                  Tmut/Erth      ####....     11%         4    None
 Ozocubu's Armour         Chrm/Ice       ###.....     14%         3    None
 Spectral Weapon          Hex/Chrm       ###.....     14%         3    None
 Lightning Bolt           Conj/Air       #####.....   17%         5    ###....
 Yara's Violent Unravell  Hex/Tmut       ####......   28%         5    ###....
 Hydra Form               Tmut           ######....   34%         6    #####..
 Summon Forest            Summ/Tloc      ####......   36%         5    ###....
 Airstrike                Air            ###.......   43%         4    None
 Cause Fear               Hex            ###.......   43%         4    None
 Leda's Liquefaction      Hex/Erth       ###.......   43%         4    None
 Simulacrum               Ice/Necr       #####.....   43%         6    #####..
 Lee's Rapid Deconstruct  Erth           ###.......   78%         5    ###....
 Silence                  Hex/Air        ###.......   78%         5    ###....
 Summon Hydra             Summ           ###.......   100%        7    ######.
 Discord                  Hex            ###.......   100%        8    #######


Dungeon Overview and Level Annotations

Branches:
Dungeon (15/15)            Temple (1/1) D:4            Lair (6/6) D:8
 Shoals (4/4) Lair:3       Spider (4/4) Lair:2        Slime (0/5) Lair:5
    Orc (2/2) D:12            Elf (0/3) Orc:2        Vaults (3/5) D:14
  Crypt (0/3) Vaults:2     Depths (0/5) D:15          Sewer (visited)
 Bailey (visited)           IceCv (visited)

Altars:
Ashenzari
Cheibriados
Dithmenos
Elyvilon
Fedhas
Gozag
Hepliaklqana
Kikubaaqudgha
Makhleb
Nemelex Xobeh
Okawaru
Qazlal
Ru
Sif Muna
Trog
Uskayaw
Vehumet
Wu Jian
Xom
Yredelemnul
Zin
The Shining One
Beogh
Jiyva

Shops:
D:9 *   D:15 ([[=*   Orc:2 (=*}   Shoals:3 *   Vaults:1 }   Vaults:2 =


Innate Abilities, Weirdness & Mutations

You cannot wear boots.
Your serpentine skin is tough. (AC +6)
You have supernaturally acute eyesight. (SInv)
Armour fits poorly on your strangely shaped body.
Your system is resistant to poisons. (rPois)
You cover ground very slowly.
You have a slow metabolism.
You can spit poison.
You can use your snake-like lower body to constrict enemies.


Message History

* * * LOW HITPOINT WARNING * * *
You hear a shout!
Unknown command.
Unknown command.
Unknown command.
Casting: Death Channel (mildly dangerous; 3% risk of failure)
Confirm with . or Enter, or press ? or * to list all spells.
You blink.
The stone giant throws a large rock.
The large rock closely misses you.
The large rock shimmers and vanishes!
You block the freezing wraith's attack. x2
Unknown command.
Unknown command.
Casting: Blink (safe; 1% risk of failure)
Confirm with . or Enter, or press ? or * to list all spells.
You blink.
The stone giant throws a large rock.
The large rock hits you!!
* * * LOW HITPOINT WARNING * * *
The large rock shimmers and vanishes!
The stone giant throws a large rock.
The large rock hits you!!
You die...
Kikubaaqudgha rasps: "You have failed me!
Welcome... death!"

....# #######'## ....#
#........#
....###########........#
....#.........#...CCR§.# #####
[...+)........#....W...###.#.##
....#......<..'.).§CZZ.##)[#..##
....'.........#.)......'.)(')..#
..).#.......).#........###)#'###
..))#)........#.@......#..)'...#
....)........(#........##..#..##
....######################.#.##
....# ##### ....##########
....##.......# ....##....<..#
....##.......# ....##.......#


You could see 3 stone giants, a rakshasa, a freezing wraith, a friendly spectral
ironbrand convoker and a friendly vault sentinel zombie.

Vanquished Creatures
  An Ice Fiend (IceCv)
  Jorgrun (Shoals:2)
  3 titans
  Polyphemus (Shoals:3)
  2 deep elf blademasters
  A deep elf master archer (Vaults:2)
  A sphinx (Vaults:2)
  A tengu reaver (Vaults:3)
  A storm dragon (D:15)
  Ilsuiw (Shoals:3)
  Donald (Shoals:3)
  5 fire giants
  5 orc warlords
  7 ghost moths
  3 vault wardens
  Aizul (Vaults:2)
  5 frost giants
  2 deep elf sorcerers (Vaults:1)
  4 emperor scorpions (Spider:4)
  8 stone giants
  4 ironheart preservers (Vaults:1)
  2 entropy weavers
  A purple draconian (Vaults:1)
  7 minotaurs
  2 white draconians (Vaults:3)
  A yellow draconian (Vaults:3)
  2 red draconians
  5 dire elephants (Lair:6)
  Nessos (Lair:4)
  2 deep elf death magi (Vaults:1)
  A spark wasp (Spider:4)
  4 merfolk javelineers
  A crystal guardian (Vaults:3)
  2 yaktaur captains
  The ghost of Xudgha the Protected, a journeyman MiFi of Okawaru (Lair:2)
  Josephine (Orc:1)
  9 merfolk impalers
  A great orb of eyes (Vaults:1)
  Erolcha (D:9)
  3 naga warriors
  2 rakshasas
  4 ice dragons
  9 centaur warriors
  11 hydras
  A catoblepas (Shoals:3)
  Harold (D:9)
  5 ogre magi
  4 merfolk avatars
  An anaconda (Lair:6)
  3 vault guards (D:14)
  22 two-headed ogres
  2 satyrs (Shoals:4)
  2 merfolk aquamancers
  A death knight (Vaults:2)
  A deep troll earth mage (D:15)
  A two-headed ogre (shapeshifter) (D:15)
  11 death yaks
  Urug (Lair:5)
  4 tengu warriors
  6 orc high priests
  Nergalle (D:11)
  A hell knight (D:15)
  6 skeletal warriors
  27 slime creatures
  6 deep elf knights
  A salamander mystic (Vaults:3)
  11 sea snakes
  An unseen horror (D:15)
  A flayed ghost (Vaults:2)
  A phantasmal warrior (D:15)
  A swamp dragon (Lair:2)
  14 orb spiders
  A tengu zombie (Vaults:3)
  A naga ritualist (Vaults:1)
  Pikel (D:9)
  A wolf spider zombie (D:14)
  6 deep elf archers
  6 ironbrand convokers
  A lindwurm (Lair:6)
  4 necromancers
  5 wizards
  11 orc knights
  9 harpies
  A stone giant zombie (D:15)
  10 deep elf magi
  3 oklob plants (Lair:1)
  11 cyclopes
  10 fauns (Shoals:4)
  10 orc sorcerers
  2 salamanders (Vaults:1)
  A tengu skeleton (Vaults:3)
  11 ugly things
  14 wolf spiders
  10 manticores
  6 black mambas
  4 water nymphs
  24 elephants
  Psyche (D:8)
  A naga mage (Vaults:1)
  4 centaur zombies
  Joseph (D:9)
  4 ice statues
  9 merfolk sirens
  5 vault sentinels
  A black mamba (shapeshifter) (Vaults:2)
  A torpor snail (Spider:1)
  2 gargoyles
  5 komodo dragons
  7 spiny frogs
  3 kobold demonologists
  2 rime drakes
  An anaconda simulacrum (IceCv)
  4 freezing wraiths
  17 yaktaurs
  11 demonic crawlers
  An efreet (D:15)
  11 ice devils (IceCv)
  A meliai (shapeshifter) (Vaults:1)
  5 tengu conjurers
  33 jumping spiders
  4 harpy zombies (Shoals:3)
  36 merfolk
  6 snapping turtles
  11 trolls
  4 wind drakes
  7 hornets
  11 blink frogs
  12 hippogriffs
  An ice dragon zombie (D:15)
  65 redbacks
  A spriggan zombie (D:15)
  Sigmund (D:2)
  A spriggan (shapeshifter) (Vaults:3)
  A shadow (D:14)
  21 tarantellas
  18 humans (D:14)
  7 wyverns
  A spriggan (D:8)
  12 water elementals
  A spriggan skeleton (D:15)
  69 yaks
  5 wraiths
  2 dire elephant simulacra (IceCv)
  3 vampire mosquitoes (D:14)
  5 hungry ghosts
  An iron troll simulacrum (IceCv)
  A two-headed ogre zombie (D:12)
  2 basilisks
  9 wargs
  7 nagas
  2 harpy simulacra (IceCv)
  2 acid dragons (D:15)
  8 water moccasins
  2 hydra simulacra (IceCv)
  6 ice beasts
  79 orc warriors
  4 porcupines
  5 sky beasts
  A swamp drake (D:8)
  A slave (D:9)
  A hornet zombie (D:11)
  A black bear (D:11)
  An eye of draining (D:14)
  2 ettin simulacra (IceCv)
  21 ogres
  2 phantoms
  18 centaurs
  10 boggarts
  11 crocodiles
  6 big kobolds
  20 bullfrogs
  A wyvern zombie (D:11)
  A gnoll sergeant (D:11)
  3 troll zombies (D:12)
  6 scorpions
  14 electric eels
  11 killer bees
  A human simulacrum (Vaults:3)
  6 wights
  4 howler monkeys
  6 crimson imps
  A bullfrog zombie (D:10)
  2 centaur skeletons
  4 jellies
  A quasit (D:4)
  16 hounds
  31 orc wizards
  44 orc priests
  Jessica (D:2)
  2 bullfrog skeletons
  6 iguanas
  Terence (D:2)
  A worker ant (shapeshifter) (Vaults:1)
  10 worker ants
  4 ogre zombies (D:12)
  A hound zombie (D:8)
  A hound skeleton (D:6)
  A howler monkey zombie (D:9)
  10 adders
  12 gnolls
  3 river rats (D:4)
  9 shadow imps
  8 oozes
  4 worms
  3 dart slugs
  6 leopard geckos
  138 orcs
  8 ball pythons
  10 giant cockroaches
  15 goblins
  20 hobgoblins
  3 jackals
  25 kobolds
  8 quokkas
  7 bats
  5 frilled lizards
  3 goblin zombies (D:12)
  2 hobgoblin skeletons (D:12)
  2 hobgoblin zombies (D:12)
  3 orc skeletons (D:12)
  15 orc zombies (D:12)
  A quokka skeleton (D:9)
  15 rats
  A fungus (Lair:6)
  9 plants
1614 creatures vanquished.

Vanquished Creatures (collateral kills)
  A jumping spider (Spider:3)
1 creature vanquished.

Vanquished Creatures (others)
  Asterion (Spider:4)
  A frost giant (Vaults:2)
  A fire giant (Vaults:3)
  A merfolk aquamancer (Shoals:3)
  A deep elf knight (Vaults:2)
  A troll (Orc:1)
  A slave (D:9)
  An orc warrior (Vaults:1)
  3 boggarts (Vaults:1)
  A worker ant (D:9)
  5 bushes (Lair:6)
  6 fungi
  32 plants
55 creatures vanquished.

Grand Total: 1670 creatures vanquished

Notes
Turn   | Place    | Note
-------+----------+-------------------------------------------
     0 | D:1      | GameOver the Naga Wizard began the quest for the Orb.
     0 | D:1      | Reached XP level 1. HP: 15/15 MP: 4/4
    93 | D:1      | Reached XP level 2. HP: 16/22 MP: 1/6
   301 | D:1      | Reached XP level 3. HP: 28/28 MP: 3/7
   305 | D:1      | Learned a level 2 spell: Blink
   309 | D:1      | Learned a level 3 spell: Mephitic Cloud
   539 | D:2      | Noticed Terence
   645 | D:2      | Reached XP level 4. HP: 36/36 MP: 0/8
   722 | D:2      | Reached skill level 1 in Poison Magic
  1020 | D:2      | Noticed Jessica
  1022 | D:2      | Killed Terence
  1029 | D:2      | Killed Jessica
  1029 | D:2      | Reached XP level 5. HP: 22/42 MP: 1/9
  1167 | D:2      | Learned a level 3 spell: Conjure Flame
  1265 | D:2      | Noticed Sigmund
  1276 | D:2      | Killed Sigmund
  1276 | D:2      | Reached skill level 5 in Conjurations
  1276 | D:2      | Reached XP level 6. HP: 49/49 MP: 6/10
  1712 | D:3      | Found a glowing golden altar of the Shining One.
  1926 | D:3      | Reached skill level 5 in Poison Magic
  2006 | D:4      | Reached XP level 7. HP: 36/55 MP: 6/11
  2040 | D:4      | Found a staircase to the Ecumenical Temple.
  2068 | Temple   | Entered the Ecumenical Temple
  2188 | D:4      | Found a glowing drain.
  2220 | Sewer    | Entered a sewer
  2415 | Sewer    | Reached skill level 1 in Fire Magic
  2609 | Sewer    | Reached skill level 5 in Stealth
  2648 | Sewer    | Reached XP level 8. HP: 60/62 MP: 9/12
  3255 | D:5      | Entered Level 5 of the Dungeon
  3419 | D:5      | Found a snail-covered altar of Cheibriados.
  3839 | D:5      | Found a shimmering blue altar of Sif Muna.
  3839 | D:5      | Noticed a gargoyle
  3840 | D:5      | Found a transporter.
  3850 | D:5      | Found a transporter.
  4311 | D:6      | Reached XP level 9. HP: 33/68 MP: 9/15
  4383 | D:6      | Found an opulent altar of Gozag.
  4613 | D:6      | Found a hide-covered altar of Uskayaw.
  4615 | D:6      | Found a glowing silver altar of Zin.
  4632 | D:6      | Found a white marble altar of Elyvilon.
  4988 | D:7      | Reached skill level 5 in Spellcasting
  5042 | D:7      | Found a sacrificial altar of Ru.
  5047 | D:7      | Found an iron altar of Okawaru.
  5165 | D:7      | Reached skill level 1 in Fighting
  5345 | D:7      | Reached skill level 1 in Armour
  5349 | D:7      | Noticed a seven-headed hydra
  5432 | D:7      | Killed a seven-headed hydra
  5432 | D:7      | Reached XP level 10. HP: 70/85 MP: 7/19
  5492 | D:7      | Identified the +7 dagger of the Postmodern Spines {freeze,
                  | Str+6}
  5504 | D:7      | Noticed a deep elf mage
  5512 | D:7      | Killed a deep elf mage
  5819 | D:8      | Noticed Psyche
  5832 | D:8      | Killed Psyche
  5870 | D:8      | Reached skill level 1 in Short Blades
  6021 | D:8      | Reached skill level 5 in Dodging
  6182 | D:7      | Became a worshipper of Warmaster Okawaru
  6282 | D:8      | Reached skill level 5 in Fighting
  6538 | D:8      | Found an ancient bone altar of Kikubaaqudgha.
  6958 | D:8      | Found a staircase to the Lair.
  7080 | D:9      | Noticed Joseph
  7107 | D:9      | Killed Joseph
  7107 | D:9      | Reached * piety under Okawaru
  7107 | D:9      | Reached XP level 11. HP: 59/94 MP: 2/21
  7168 | D:9      | Found Heas's Elemental Accessories.
  7186 | D:9      | Noticed Erolcha
  7270 | D:9      | Found a flagged portal.
  7276 | Bailey   | Entered a bailey
  7395 | Bailey   | Found an iron altar of Okawaru.
  7397 | Bailey   | Noticed an orc knight
  7442 | Bailey   | Killed an orc knight
  7442 | Bailey   | Reached ** piety under Okawaru
  7753 | Bailey   | Reached skill level 1 in Invocations
  7954 | Bailey   | Got a faintly glowing chain mail
  7997 | Bailey   | Identified the +8 chain mail of the Planets {-Cast rPois
                  | Regen+ Int+3} (You found it in a bailey)
  8030 | D:9      | Noticed Harold
  8052 | D:9      | Killed Harold
  8052 | D:9      | Reached *** piety under Okawaru
  8052 | D:9      | Reached skill level 5 in Armour
  8362 | D:9      | Killed Erolcha
  8362 | D:9      | Reached skill level 5 in Short Blades
  8369 | D:9      | Noticed Pikel
  8383 | D:9      | Killed Pikel
  8812 | D:10     | Entered Level 10 of the Dungeon
  8823 | D:10     | Found a shadowy altar of Dithmenos.
  8849 | D:10     | Reached **** piety under Okawaru
  9018 | D:10     | You fall into a shaft and drop 2 floors!
  9019 | D:12     | Noticed a cyclops
  9095 | D:11     | Noticed Nergalle
  9137 | D:11     | Killed Nergalle
  9137 | D:11     | Reached ***** piety under Okawaru
  9137 | D:11     | Reached XP level 12. HP: 31/103 MP: 3/24
  9170 | D:11     | Reached skill level 5 in Invocations
  9246 | D:11     | Reached skill level 2 in Polearms
  9471 | D:10     | Reached skill level 3 in Polearms
  9518 | D:10     | Reached skill level 4 in Polearms
  9692 | D:10     | Reached skill level 1 in Shields
 10102 | D:11     | Reached skill level 5 in Polearms
 10483 | D:11     | Received a gift from Okawaru
 10489 | D:11     | Reached skill level 6 in Polearms
 10885 | Lair:1   | Entered Level 1 of the Lair of Beasts
 11041 | Lair:1   | Reached skill level 7 in Polearms
 11218 | Lair:1   | Noticed a four-headed hydra
 11248 | Lair:1   | Killed a four-headed hydra
 11248 | Lair:1   | Reached skill level 10 in Spellcasting
 11376 | Lair:1   | Reached skill level 8 in Polearms
 11675 | Lair:2   | Noticed a seven-headed hydra
 11689 | Lair:2   | Killed a seven-headed hydra
 11748 | Lair:2   | Gained mutation: You can use your snake-like lower body to
                  | constrict enemies. [Naga growth]
 11748 | Lair:2   | Reached XP level 13. HP: 72/111 MP: 27/27
 11751 | Lair:2   | Found a hole to the Spider Nest.
 11831 | Lair:2   | Reached ****** piety under Okawaru
 11831 | Lair:2   | Received a gift from Okawaru
 11832 | Lair:2   | Got a dazzling mace {god gift}
 11833 | Lair:2   | Identified the +2 mace "Lutos" {venom, rPois Str+6}
                  | (Okawaru gifted it to you on level 2 of the Lair of Beasts)
 11911 | Lair:2   | Noticed a minotaur
 11911 | Lair:2   | Noticed Xudgha's ghost (journeyman MiFi)
 11924 | Lair:2   | Found a runed translucent gate.
 11924 | Lair:2   | Found a runed translucent gate.
 11924 | Lair:2   | Found a runed translucent gate.
 11938 | Lair:2   | Reached skill level 5 in Shields
 12531 | Lair:3   | Reached skill level 9 in Polearms
 12546 | Lair:3   | Received a gift from Okawaru
 12959 | Lair:3   | Found a staircase to the Shoals.
 13166 | Lair:3   | Noticed an ice dragon
 13181 | Lair:3   | Reached skill level 10 in Polearms
 13207 | Lair:3   | Killed an ice dragon
 13211 | Lair:3   | HP: 5/117 [blink frog (6)]
 14120 | Lair:4   | Received a gift from Okawaru
 14203 | Lair:4   | Noticed Nessos
 14229 | Lair:4   | Killed Nessos
 14780 | Lair:5   | Reached skill level 11 in Polearms
 14788 | Lair:5   | Reached skill level 1 in Evocations
 14832 | Lair:5   | Noticed Urug
 14849 | Lair:5   | Reached XP level 14. HP: 90/127 MP: 28/28
 14866 | Lair:5   | Killed Urug
 14943 | Lair:5   | Received a gift from Okawaru
 15422 | Lair:5   | Found a viscous altar of Jiyva.
 15424 | Lair:5   | Found a staircase to the Slime Pits.
 15762 | Lair:6   | Entered Level 6 of the Lair of Beasts
 15947 | Lair:6   | Received a gift from Okawaru
 16277 | Lair:6   | Reached skill level 12 in Polearms
 16719 | Lair:6   | Reached skill level 10 in Fighting
 16930 | Lair:6   | Reached skill level 5 in Evocations
 17111 | Lair:6   | Noticed a dire elephant
 17139 | Lair:6   | Killed a dire elephant
 17139 | Lair:6   | Received a gift from Okawaru
 17231 | Lair:6   | Noticed a dire elephant
 17231 | Lair:6   | Noticed a dire elephant
 17264 | Lair:6   | Noticed a dire elephant
 17460 | Lair:6   | Killed a dire elephant
 17476 | Lair:6   | Noticed a dire elephant
 17669 | Lair:2   | Killed Xudgha's ghost
 17761 | Lair:2   | Reached XP level 15. HP: 90/138 MP: 11/29
 17982 | D:12     | Got an ancient falchion
 17983 | D:12     | Identified the +5 falchion of Hepliaklqana's Hope {freeze,
                  | rN+++ MR++ Str-3 Dex-2} (You found it on level 12 of the
                  | Dungeon)
 18060 | D:12     | Reached skill level 13 in Polearms
 18458 | D:12     | Found a staircase to the Orcish Mines.
 18695 | Orc:1    | Entered Level 1 of the Orcish Mines
 18695 | Orc:1    | Noticed an orc warlord
 18749 | D:12     | Killed an orc warlord
 19690 | Orc:1    | Received a gift from Okawaru
 19732 | Orc:1    | Found a roughly hewn altar of Beogh.
 20053 | Orc:2    | Entered Level 2 of the Orcish Mines
 20285 | Orc:2    | Reached skill level 10 in Stealth
 20298 | Orc:1    | Noticed Josephine
 20346 | Orc:1    | Paralysed by an orc sorcerer for 2 turns
 20354 | Orc:1    | Reached skill level 14 in Polearms
 20368 | Orc:1    | Killed Josephine
 20886 | Orc:2    | Found a roughly hewn altar of Beogh.
 20905 | Orc:2    | Noticed an orc warlord
 20999 | Orc:2    | Killed an orc warlord
 20999 | Orc:2    | Received a gift from Okawaru
 21075 | Orc:2    | Found Xikamaob's General Store.
 21079 | Orc:2    | Bought a scroll of teleportation for 39 gold pieces
 21079 | Orc:2    | Bought a scroll of enchant armour for 97 gold pieces
 21079 | Orc:2    | Bought a scroll of identify for 26 gold pieces
 21079 | Orc:2    | Bought a scroll of identify for 26 gold pieces
 21085 | Orc:2    | Found Niggas's Gadget Shop.
 21526 | Orc:2    | Found a staircase to the Elven Halls.
 21637 | Orc:2    | Found Waaj's Weapon Shoppe.
 21747 | Orc:2    | Noticed an orc warlord
 21778 | Orc:2    | Killed an orc warlord
 21837 | Orc:2    | Found Ovoapiaq's Jewellery Shop.
 21871 | Orc:2    | Found a roughly hewn altar of Beogh.
 22743 | Lair:6   | Reached XP level 16. HP: 121/148 MP: 21/30
 22787 | Lair:6   | Got a wavering tin ring
 22791 | Lair:6   | Identified the ring "Uhamio" {rPois Str+2 Slay+4} (You
                  | found it on level 6 of the Lair of Beasts)
 23024 | D:5      | Received a gift from Okawaru
 23032 | D:5      | Got a polished naga barding {god gift}
 23043 | D:5      | Identified the +0 naga barding "Couqamueqo" {rF+ Str+4}
                  | (Okawaru gifted it to you on level 5 of the Dungeon)
 23499 | D:14     | Found a shadowy altar of Dithmenos.
 23872 | D:14     | Found a gate to the Vaults.
 23968 | D:14     | You fall into a shaft and drop 1 floor!
 23968 | D:15     | Entered Level 15 of the Dungeon
 23968 | D:15     | Found Lihawuli's Weapon Shop.
 23990 | D:15     | Found a staircase to the Depths.
 24737 | D:15     | Noticed a storm dragon
 24762 | D:15     | Killed a storm dragon
 24874 | D:15     | Found Meowil's Antique Armour Emporium.
 24877 | D:15     | Bought a dazzling helmet for 313 gold pieces
 24887 | D:15     | Identified the +3 helmet of the Circus Animal {MP+9} (You
                  | bought it in a shop on level 15 of the Dungeon)
 25023 | D:15     | Found the +2 cloak of the Thief {+Fog Slay-2 SInv Stlth+}
 25114 | D:15     | Found Plog's Antique Armour Shoppe.
 25207 | D:15     | Found Cacryuni's Jewellery Emporium.
 25217 | D:15     | Found Xyurasec's General Store.
 25228 | D:15     | Bought a potion of curing for 51 gold pieces
 25667 | D:15     | Bought the ring of Daddy {Wiz rElec MR+ Str+4} for 754 gold
                  | pieces
 25930 | Spider:1 | Entered Level 1 of the Spider Nest
 26004 | Spider:1 | Received a gift from Okawaru
 26044 | Spider:1 | Learned a level 4 spell: Iskenderun's Mystic Blast
 26078 | Spider:1 | Learned a level 4 spell: Olgreb's Toxic Radiance
 26420 | Spider:2 | Found a frozen archway.
 26468 | Spider:2 | Reached XP level 17. HP: 147/159 MP: 32/32
 26476 | IceCv    | Entered an ice cave
 26692 | IceCv    | HP: 3/159 [ettin simulacrum (33)]
 26752 | IceCv    | HP: 6/160 [ice devil (16)]
 27124 | IceCv    | Noticed an Ice Fiend
 27153 | IceCv    | Killed an Ice Fiend
 27186 | IceCv    | Got a brightly glowing plate armour
 27194 | IceCv    | Got a heavily runed scale mail
 27606 | Spider:2 | Received a gift from Okawaru
 28375 | Spider:3 | Reached skill level 10 in Conjurations
 28376 | Spider:3 | Received a gift from Okawaru
 28414 | Spider:3 | Learned a level 6 spell: Death Channel
 28606 | Spider:4 | Entered Level 4 of the Spider Nest
 28615 | Spider:4 | Learned a level 3 spell: Ignite Poison
 28753 | Spider:4 | Reached skill level 1 in Necromancy
 28777 | Spider:4 | Reached skill level 1 in Transmutations
 29012 | Spider:4 | Reached skill level 10 in Poison Magic
 29084 | Spider:4 | Noticed Asterion
 29098 | Spider:4 | Noticed an Executioner
 29098 | Spider:4 | Killed Asterion
 29331 | Spider:4 | Received a gift from Okawaru
 29453 | Spider:4 | Reached XP level 18. HP: 158/171 MP: 0/34
 29845 | Spider:4 | Got a gossamer rune of Zot
 30340 | Shoals:1 | Entered Level 1 of the Shoals
 30442 | Shoals:1 | Reached skill level 5 in Fire Magic
 31097 | Shoals:2 | Received a gift from Okawaru
 31262 | Shoals:2 | Noticed Jorgrun
 31269 | Shoals:2 | Killed Jorgrun
 31318 | Shoals:3 | Reached skill level 5 in Necromancy
 31318 | Shoals:3 | Reached skill level 5 in Transmutations
 31343 | Shoals:3 | Noticed Ilsuiw
 31356 | Shoals:3 | Killed Ilsuiw
 31504 | Shoals:3 | Noticed Donald
 31520 | Shoals:3 | Found Miasiwnohua's Assorted Antiques.
 31538 | Shoals:3 | Bought a scroll of magic mapping for 94 gold pieces
 31538 | Shoals:3 | Bought a potion of heal wounds for 135 gold pieces
 31538 | Shoals:3 | Bought a scroll of identify for 54 gold pieces
 31563 | Shoals:3 | Noticed Polyphemus
 31589 | Shoals:3 | Killed Polyphemus
 31669 | Shoals:3 | Killed Donald
 31838 | Shoals:4 | Entered Level 4 of the Shoals
 32319 | Shoals:4 | Reached skill level 10 in Necromancy
 32332 | Shoals:4 | Got a barnacled rune of Zot
 32438 | Shoals:4 | Got an encrusted morningstar
 32439 | Shoals:4 | Identified the cursed +0 morningstar of Burnt Purpose
                  | {flame, rF+} (You found it on level 4 of the Shoals)
 32477 | Shoals:4 | Reached XP level 19. HP: 140/178 MP: 36/36
 32996 | D:8      | Fell from the grace of Okawaru
 32996 | D:8      | Became a worshipper of Kikubaaqudgha
 33301 | D:15     | Bought an uncursed amulet of regeneration for 390 gold
                  | pieces
 33307 | D:15     | Learned a level 4 spell: Animate Dead
 33348 | Vaults:1 | Entered Level 1 of the Vaults
 33777 | Vaults:1 | Reached * piety under Kikubaaqudgha
 33777 | Vaults:1 | Identified Kikubaaqudgha's Tome of Evil (Kikubaaqudgha
                  | gifted it to you on level 1 of the Vaults)
 33777 | Vaults:1 | Received a gift from Kikubaaqudgha
 33782 | Vaults:1 | Reached skill level 5 in Translocations
 34033 | Vaults:1 | Found Dotimode's Gadget Shop.
 34423 | Vaults:1 | Reached ** piety under Kikubaaqudgha
 35101 | Vaults:2 | Reached *** piety under Kikubaaqudgha
 35101 | Vaults:2 | Identified Kikubaaqudgha's Handbook of Evil Magic
                  | (Kikubaaqudgha gifted it to you on level 2 of the Vaults)
 35101 | Vaults:2 | Received a gift from Kikubaaqudgha
 35108 | Vaults:2 | Learned a level 4 spell: Dispel Undead
 35158 | Vaults:2 | Noticed Aizul
 35197 | Vaults:2 | Killed Aizul
 35361 | Vaults:2 | Found a staircase to the Crypt.
 35361 | Vaults:2 | Found an ancient bone altar of Kikubaaqudgha.
 35384 | Vaults:2 | Found a basalt altar of Yredelemnul.
 35674 | Vaults:2 | Found Sulugysh's Jewellery Shop.
 35754 | Vaults:2 | Reached XP level 20. HP: 182/187 MP: 35/37
 35754 | Vaults:2 | Reached **** piety under Kikubaaqudgha
 36586 | Vaults:3 | Hit by a large rock thrown by a stone giant

Illustrated notes

Levels and vault maps discovered:
D:1:      ebering_hopf_link, layout_rooms
D:2:      layout_basic, uniq_terence, uniq_sigmund, uniq_jessica
D:3:      layout_basic, tso_metal_star
D:4:      layout_basic, minmay_temple_entry_mini_moons, portal_sewer_entry_b,
          first_ration
D:5:      layout_basic, kennysheep_slug_shrine, gammafunk_temple_overflow_arena
D:6:      layout_loops_ring, minmay_overflow_temple_star_quad,
          grunt_gozag_breadcrumbs
D:7:      minmay_chambers_of_sevens, layout_rooms, minitemple
D:8:      layout_basic, old_standard_altar, erik_lair_dragon, the_bakery,
          chequers_jeans, uniq_psyche
D:9:      layout_basic, enter_bailey_2, nicolae_elemental_shop, uniq_harold,
          uniq_joseph, uniq_erolcha, uniq_pikel
D:10:     layout_rooms, basic_altar, kennysheep_dice
D:11:     layout_loops_ring, uniq_nergalle
D:12:     layout_roguey, zombieorc2_lemuel
D:13:     layout_loops_corners, minivault_16
D:14:     layout_grid_maze, grunt_vaults_entry_tiered,
          nicolae_dithmenos_shadow_blocks, kennysheep_generic_room_10
D:15:     gammafunk_depths_entry_grave, layout_irregular_city,
          chequers_serial_rivers_micro_d, serial_shops,
          nicolae_shop_statue_plus, nicolae_shop_stone,
          nicolae_shop_overgrown_old_shop, shop_coins, shop, minmay_radiant
Temple:   nicolae_temple_hex_pool
Lair:1:   layout_regular_city, infiniplex_staircase_pool_2,
          minmay_lair_oklob_chamber, grunt_megastairs_5
Lair:2:   layout_long_grid, spider_nest_entry_a, maelrawn_ghost_gauntlet_escape,
          nicolae_quartered_pool_medium, hibernation_bobbens, lemuel_fruit_tree,
          lemuel_fruit_fields
Lair:3:   dragon1_lemuel, layout_layer_cave, elwin_shoals_entry_rooms
Lair:4:   layout_hall_layers, chequers_serial_rivers_small_b,
          serial_bayou_lake_a, uniq_nessos
Lair:5:   layout_gridlike, dpeg_slime_entry_enclosed_altar, serial_rivers,
          chequers_serial_rivers_room_a, chequers_serial_rivers_micro_b,
          chequers_serial_rivers_micro_a, chequers_serial_rivers_marsh,
          uniq_urug
Lair:6:   due_jungle_book, layout_regular_city, grunt_megastairs_4
Shoals:1: layout_shoals
Shoals:2: layout_shoals, uniq_jorgrun
Shoals:3: layout_shoals, serial_shops, nicolae_shop_overgrown_old_shop,
          nicolae_shoals_undead_eyrie, uniq_donald, uniq_ilsuiw, uniq_polyphemus
Shoals:4: shoals_end_grunt_garden, layout_shoals
Spider:1: layout_spider_delve
Spider:2: layout_spider_delve, portal_ice_cave_entry_pillars_1,
          nicolae_spider_circle_web
Spider:3: layout_spider_delve
Spider:4: spider_rune_water, uniq_asterion
Orc:1:    layout_caves, bh_open_orc_temple, uniq_josephine
Orc:2:    pubby_orc_utopia, serial_shops
Vaults:1: v_misc_22, hangedman_vaults_restitches, v_misc_24,
          ontoclasm_vaults_decontamination, vaults_room_grid,
          nicolae_vaults_network_s, ontoclasm_vaults_ring_square,
          nicolae_vaults_diagonal_hallway_8, layout_vaults_quadrants,
          serial_shops, shop
Vaults:2: minmay_crypt_entry_necro_gods, v_pattern_1, v_misc_1, v_misc_29,
          hangedman_vaults_nails, v_misc_8, v_misc_4, hangedman_vaults_impose,
          nicolae_vaults_specimen_jars, vaults_dpeg_doors, vaults_dpeg_diagonal,
          nicolae_vaults_yaktaur_gun_rack, layout_vaults_big_room, serial_shops,
          nicolae_shop_stone, uniq_aizul
Vaults:3: v_misc_5, vaults_room_hangedman_quadrants, nicolae_vaults_alarming,
          ontoclasm_vaults_eye, nicolae_vaults_hallways_thing,
          nicolae_vaults_network_square, vaults_mumra_minichess,
          ontoclasm_vaults_pinch, ontoclasm_vaults_twist,
          nicolae_vaults_mini_display_case, layout_vaults_ring

Skill      XL: |  1  2  3  4  5  6  7  8  9 10 11 12 13 14 15 16 17 18 19 20 |
---------------+-------------------------------------------------------------+-----
Conjurations   | 2 3 4 5 6 8 10 | 10.0
Poison Magic   | 2 4 5 6 7 9 10 12 13 | 13.4
Stealth        | 5 7 8 12 | 12.0
Fire Magic     | 2 3 4 5 |  5.0
Translocations | 2 3 5 |  5.0
Spellcasting   | 4 6 7 8 10 11 12 13 | 13.0
Dodging        | 4 5 |  5.0
Fighting       | 3 5 6 8 10 12 13 | 13.0
Armour         | 2 4 5 6 7 8 |  8.5
Short Blades   | 3 6 |  6.0
Invocations    | 4 5 |  5.0
Polearms       | 8 11 12 14 | 14.0
Shields        | 4 7 9 |  9.0
Evocations     | 1 5 |  5.0
Necromancy     | 2 10 13 | 13.4
Transmutations | 2 5 6 7 |  7.3
Summonings     | |  1.0

Action                   |  1- 3 |  4- 6 |  7- 9 | 10-12 | 13-15 | 16-18 | 19-21 || total
-------------------------+-------+-------+-------+-------+-------+-------+-------++-------
Melee: Club              |     6 |       |       |       |       |       |       ||     6
       Whip              |       |     3 |       |       |       |       |       ||     3
       Unarmed           |       |     4 |       |       |       |       |       ||     4
       Spear             |       |     6 |    14 |       |       |       |       ||    20
       Short sword       |       |       |   118 |    16 |       |       |       ||   134
       Dagger            |       |       |       |   292 |       |       |       ||   292
       Punch             |       |       |       |     1 |       |       |       ||     1
       Trident           |       |       |       |   322 |  1714 |  1638 |    24 ||  3698
       Constrict         |       |       |       |       |   214 |   219 |   104 ||   537
       Demon trident     |       |       |       |       |       |       |   883 ||   883
 Cast: Magic Dart        |    42 |    61 |   204 |   156 |   116 |    11 |       ||   590
       Mephitic Cloud    |       |     4 |    16 |    88 |   191 |   100 |     7 ||   406
       Blink             |       |     1 |     3 |    25 |    25 |    39 |    11 ||   104
       Conjure Flame     |       |       |     8 |    32 |    77 |    57 |     9 ||   183
       Olgreb's Toxic Ra |       |       |       |       |       |    80 |    83 ||   163
       Iskenderun's Myst |       |       |       |       |       |     8 |     5 ||    13
       Ignite Poison     |       |       |       |       |       |    31 |    46 ||    77
       Dispel Undead     |       |       |       |       |       |       |     9 ||     9
       Animate Dead      |       |       |       |       |       |       |     1 ||     1
       Death Channel     |       |       |       |       |       |       |     1 ||     1
Invok: Heroism           |       |       |       |     4 |    20 |    17 |       ||    41
       Finesse           |       |       |       |       |     2 |     3 |       ||     5
 Abil: Spit Poison       |    29 |    45 |    80 |   141 |   117 |   168 |    52 ||   632
Evoke: Wand              |       |       |       |     2 |    12 |    12 |       ||    26
  Use: Scroll            |       |       |     8 |     5 |    14 |    21 |     6 ||    54
       Potion            |       |       |     1 |     4 |     3 |     3 |     1 ||    12
 Stab: Confused          |       |     2 |     2 |    34 |   145 |    78 |     7 ||   268
       Sleeping          |       |       |     1 |     5 |    15 |    14 |     5 ||    40
       Distracted        |       |       |       |     2 |     1 |     3 |     1 ||     7
       Held in net/web   |       |       |       |       |       |     2 |       ||     2
       Petrified         |       |       |       |       |       |     3 |       ||     3
       Petrifying        |       |       |       |       |       |     1 |       ||     1
  Eat: Chunk             |       |     7 |    16 |    29 |    39 |    27 |    12 ||   130
       Ration            |       |       |       |       |     1 |     3 |     1 ||     5
Armor: Robe              |     4 |     5 |    73 |    12 |       |       |       ||    94
       Leather armour    |       |       |       |   180 |   289 |       |       ||   469
       Troll leather arm |       |       |       |       |    46 |    63 |       ||   109
       Acid dragon scale |       |       |       |       |       |   550 |   328 ||   878
Dodge: Dodged            |     8 |    19 |    74 |   182 |   253 |   352 |   160 ||  1048
       Repelled          |       |       |       |       |    17 |    23 |    50 ||    90
Block: Kite shield       |       |       |       |    27 |   481 |   687 |   371 ||  1566
